 Dungeon Crawl Stone Soup version 0.17-a0-1519-g2001520 (webtiles) character file.

1552 mrath the Digger (level 8, -6/45 HPs)
             Began as a Gargoyle Earth Elementalist on July 13, 2015.
             Mangled by a wyvern skeleton (11 damage)
             ... on level 6 of the Dungeon.
             The game lasted 01:45:01 (9071 turns).

mrath the Digger (Gargoyle Earth Elementalist)      Turns: 9071, Time: 01:45:01

Health: -6/45      AC: 10    Str: 13    XL:     8   Next: 88%
Magic:  24/27      EV: 12    Int: 19    God:
Gold:   298        SH:  0    Dex: 10    Spells: 5 memorised, 6 levels left

rFire  . . .     SeeInvis .     p - +3 spear of Dishonesty {drain, *Drain MP+9 Str+2}
rCold  + . .     Clarity  .     b - +1 robe
rNeg   + . .     SustAt   .     (no shield)
rPois  ∞         Gourm    .     C - +2 hat
rElec  +         Spirit   .     (no cloak)
rCorr  .         Warding  .     (no gloves)
rMut   .         Stasis   .     (no boots)
MR     .....                    (no amulet)
Stlth  ++........               (no ring)
                                D - ring of protection from cold

@: not resistant to hostile enchantments, unstealthy
A: negative energy resistance 1, electricity resistance, unbreathing,
petrification resistance, rot immunity, AC +5
a: no special abilities


You were on level 6 of the Dungeon.
You were very hungry.

You visited 1 branch of the dungeon, and saw 6 of its levels.
You also visited: Ossuary.

You collected 298 gold pieces.

Inventory:

Hand weapons
 e - a +0 hunting sling
 m - a +1 mace
 p - the +3 spear of Dishonesty (weapon) {drain, *Drain MP+9 Str+2}
   (You found it on level 5 of the Dungeon)

   A truly terrible weapon, it drains the life of those it strikes.
   It affects your strength (+2).
   It affects your magic capacity (+9).
   It causes draining when unequipped.
 x - a +0 blowgun
 z - a +0 flail
 B - a cursed -3 short sword
 E - the +4 mace of Latialyha {speed, +Inv Str-3 Dex+3 Stlth+}
   (You found it on level 4 of the Dungeon)

   Attacks with this weapon are significantly faster.
   It affects your strength (-3).
   It affects your dexterity (+3).
   It lets you turn invisible.
   It makes you more stealthy.
 G - a +0 hand axe of pain
Missiles
 a - 47 stones (quivered)
 j - 114 bolts
 q - 30 poisoned needles
 F - 24 arrows
Armour
 b - a +1 robe (worn)
 y - a +0 shield
 C - a +2 hat (worn)
 I - a +0 leather armour of fire resistance
 K - a +0 helmet
Jewellery
 g - an uncursed amulet of guardian spirit
 D - a ring of protection from cold (left hand)
Magical devices
 L - a wand of flame (27)
Scrolls
 f - 5 scrolls of identify
 k - 2 scrolls of remove curse
 l - a scroll of enchant weapon
 n - a scroll of fear
 u - 2 scrolls of recharging
 v - a scroll of amnesia
 w - a scroll of blinking
Potions
 r - a potion of poison {unknown}
 s - a potion of agility {unknown}
 t - a potion of mutation {unknown}
 A - 4 potions of curing
 H - 2 potions of resistance {unknown}
Books
 c - a book of Geomancy

   Spells                             Type                      Level
   a - Sandblast                      Earth                        1
   b - Stoneskin                      Transmutation/Earth          2
   c - Passwall                       Transmutation/Earth          3
   d - Stone Arrow                    Conjuration/Earth            3
   e - Petrify                        Transmutation/Earth          4
   f - Lee's Rapid Deconstruction     Earth                        5
Comestibles
 d - 4 bread rations
 h - 4 chunks of flesh
 o - 4 meat rations


   Skills:
 + Level 2.9 Fighting
 - Level 2.2 Maces & Flails
 + Level 1.1 Polearms
 + Level 2.9 Dodging
 - Level 2.1 Stealth
 * Level 6.8 Spellcasting
 + Level 3.6 Conjurations
 - Level 0.7 Transmutations
 + Level 6.9 Earth Magic


You had 6 spell levels left.
You knew the following spells:

 Your Spells              Type           Power        Failure   Level  Hunger
a - Sandblast             Erth           ####..       1%          1    None
b - Stoneskin             Trmt/Erth      ###.....     3%          2    None
c - Stone Arrow           Conj/Erth      ####..       3%          3    #......
d - Passwall              Trmt/Erth      ###.......   8%          3    #......
e - Lee's Rapid Deconstr  Erth           ####......   17%         5    #####..


Dungeon Overview and Level Annotations

Branches:
Dungeon (6/15)
 Temple: D:4-7

Altars:
Cheibriados
Elyvilon
Gozag
Kikubaaqudgha
Qazlal
Trog
Yredelemnul
The Shining One

Annotations:
D:6 Edmund


Innate Abilities, Weirdness & Mutations

You are resistant to torment.
Your stone body is resilient (AC +5).
You are immune to poison.
You resist negative energy.
You are resistant to electric shocks.
You can survive without breathing.
You are immune to petrification.
You are immune to rotting.


Message History

Okay, then.
As you open the door, it creaks loudly!
Edmund hits you with a flail of holy wrath.
* * * LOW HITPOINT WARNING * * *
Your magical contamination has completely faded away.
There is an open door here.
Edmund says, "People think my brother is the best.
I think he's crazy."
You open the door. Edmund misses you.
There is an open door here.
You found an alarm trap!
You hear a blaring wail to the north.
Edmund barely misses you.
Edmund says, "People accused me of being a cutpurse!"
The decayed bog body gestures at you while chanting.
The puff of frost hits you! You resist.
The decayed bog body gestures at you while chanting.
The puff of frost hits you! You resist.
* * * LOW HITPOINT WARNING * * *
The wyvern skeleton bites you!
You die...

#.......#.##############
#.......#.######.# #
###+#.............# ####
#.....r###.######'## #...
#......n.#.##......# #.#.
#........#.##......# #).[
###.#+#.h#.##....†.# #.#.
#.# #@Z#.######'## #... #.#
#.@#.# #.# #.#. #.# #..#.#
#.# #... #####.# #..#.# #.#
#.#. #.....# ##.#.# #.#
#... #.##### #.#.######.#
#.#. #.# ..#........# #...
#.######################.#.
#..........................
###########################


You could see Edmund, a decayed bog body, a black bear, a rat and a wyvern
skeleton.

Vanquished Creatures
  Prince Ribbit (D:5)
  A sky beast (D:6)
  2 phantoms (D:5)
  A black bear (D:4)
  An ogre (D:4)
  A giant frog (D:6)
  A water moccasin skeleton (D:4)
  2 bog bodies (Ossuary)
  A giant frog zombie (Ossuary)
  A centaur zombie (Ossuary)
  3 orc wizards
  5 hounds
  2 orc priests
  A giant frog skeleton (D:5)
  2 worker ants (D:4)
  A killer bee zombie (Ossuary)
  2 mummies (Ossuary)
  A river rat (D:5)
  7 adders
  3 oozes
  2 adder zombies
  2 worms
  4 giant geckos
  20 orcs
  A bat skeleton (D:5)
  3 giant cockroaches
  14 goblins
  13 hobgoblins
  17 kobolds
  3 ball pythons
  15 bats
  A giant gecko zombie (D:5)
  4 giant newts
  4 jackals
  A jackal skeleton (D:4)
  4 quokkas
  17 rats
164 creatures vanquished.

Vanquished Creatures (others)
  A plant (Ossuary)
1 creature vanquished.

Grand Total: 165 creatures vanquished

Notes
Turn   | Place    | Note
--------------------------------------------------------------
     0 | D:1      | mrath the Gargoyle Earth Elementalist began the quest for the Orb.
     0 | D:1      | Reached XP level 1. HP: 10/10 MP: 3/3
   328 | D:1      | Reached XP level 2. HP: 15/15 MP: 3/5
   354 | D:1      | Learned a level 2 spell: Stoneskin
  1006 | D:1      | Reached skill level 4 in Earth Magic
  1052 | D:1      | Reached XP level 3. HP: 16/19 MP: 5/7
  1495 | D:1      | Learned a level 3 spell: Stone Arrow
  2121 | D:2      | Found a snail-covered altar of Cheibriados.
  2304 | D:2      | Found a glowing golden altar of the Shining One.
  2515 | D:2      | Reached XP level 4. HP: 24/24 MP: 5/9
  3520 | D:3      | Reached XP level 5. HP: 28/28 MP: 9/11
  3657 | D:4      | Noticed an ogre
  4222 | D:4      | Reached skill level 5 in Earth Magic
  4584 | D:4      | Reached XP level 6. HP: 28/32 MP: 9/13
  4645 | D:4      | Reached skill level 5 in Spellcasting
  4778 | D:4      | Noticed a black bear
  5467 | D:4      | Killed a black bear
  5467 | D:4      | Reached XP level 7. HP: 28/36 MP: 10/15
  5616 | D:4      | Got an iridescent mace
  5622 | D:4      | Identified the +4 mace of Latialyha {speed, +Inv Str-3 Dex+3 Stlth+} (You found it on level 4 of the Dungeon)
  5694 | D:4      | Learned a level 3 spell: Passwall
  5772 | D:4      | Killed an ogre
  5937 | D:5      | Entered Level 5 of the Dungeon
  5946 | D:5      | Reached skill level 1 in Maces & Flails
  6051 | D:4      | Reached skill level 1 in Conjurations
  6066 | D:5      | Found a stormy altar of Qazlal.
  6067 | D:5      | Noticed a fire elemental
  6070 | D:5      | Noticed an air elemental
  6072 | D:5      | Noticed a water elemental
  6275 | D:5      | Got a pitted spear
  6325 | D:5      | Reached skill level 1 in Fighting
  6325 | D:5      | Reached skill level 6 in Spellcasting
  6721 | D:5      | Reached XP level 8. HP: 25/44 MP: 3/17
  7431 | D:5      | Noticed Prince Ribbit
  7788 | D:5      | Identified the +3 spear of Dishonesty {drain, *Drain MP+9 Str+2} (You found it on level 5 of the Dungeon)
  7862 | D:5      | Killed Prince Ribbit
  8027 | D:5      | Found an ancient bone altar of Kikubaaqudgha.
  8027 | D:5      | Found a basalt altar of Yredelemnul.
  8027 | D:5      | Found a stormy altar of Qazlal.
  8101 | D:5      | Learned a level 5 spell: Lee's Rapid Deconstruction
  8539 | D:6      | Found a white marble altar of Elyvilon.
  8850 | D:6      | Found an opulent altar of Gozag.
  8937 | D:6      | Found a sand-covered staircase.
  8942 | Ossuary  | Entered an ossuary
  8963 | Ossuary  | Reached skill level 1 in Polearms
  8981 | D:6      | Found a bloodstained altar of Trog.
  9015 | D:6      | Noticed Edmund
  9017 | D:6      | HP: 2/45 [Edmund/flail of holy wrath (7)]
  9034 | D:6      | HP: 2/45 [Edmund/flail of holy wrath (3)]
  9071 | D:6      | Mangled by a wyvern skeleton

Vault maps used:
D:1:      dpeg_arrival_rooms_with_view
D:2:      tso_altar, cheibriados_altar_1, roderic_malta_cross
D:3:      minmay_misc_feat_x, minmay_misc_feat_five
D:4:      nicolae_ru_the_path_less_chosen, st_stairs_1
D:5:      gammafunk_temple_overflow_claw, portal_sewer_entry_b, first_bread,
          corexii_leaking_fountain, nicolae_qazlal_style_of_elements,
          uniq_prince_ribbit1
D:6:      grunt_gozag_statues, trog_ov_bears_minmay, elyvilon_altar_5,
          enter_ossuary_5, uniq_edmund
Ossuary:  ossuary_zaba_flooded

Action                   |  1- 3 |  4- 6 |  7- 9 || total
-------------------------+-------+-------+-------++-------
Melee: Club              |    21 |       |       ||    21
       Mace              |    90 |   100 |    93 ||   283
       Flail             |       |    17 |       ||    17
       Spear             |       |       |    73 ||    73
 Fire: Blowgun           |       |       |     6 ||     6
Throw: Stone             |     1 |       |       ||     1
 Cast: Sandblast         |    23 |    45 |    14 ||    82
       Stoneskin         |       |     3 |     8 ||    11
       Stone Arrow       |       |     2 |    30 ||    32
       Lee's Rapid Decon |       |       |     2 ||     2
  Use: Scroll            |     2 |     5 |    10 ||    17
       Potion            |       |       |     2 ||     2
 Stab: Sleeping          |     1 |       |     2 ||     3
  Eat: Fruit             |     1 |       |     2 ||     3
       Chunk             |     4 |    10 |    10 ||    24
